 Dungeon Crawl Stone Soup version 0.31-a0-949-g57150269e1 (webtiles) character file.

Game seed: 14058161424960311473

393 Getoffmy the Ruffian (level 6, -11/41 HPs)
             Began as an Octopode Shapeshifter on Oct 23, 2023.
             Was an Initiate of Okawaru.
             Mangled by an ogre
             ... wielding a +0 giant spiked club
              (37 damage)
             ... on level 4 of the Dungeon.
             The game lasted 00:07:44 (4239 turns).

Getoffmy the Ruffian (Octopode Shapeshifter)        Turns: 4239, Time: 00:07:45

Health: -11/41     AC:  1    Str: 15    XL:     6   Next: 81%
Magic:  6/6        EV: 13    Int: 13    God:    Okawaru [......]
Gold:   170        SH:  0    Dex: 11    Spells: 1/5 levels left

rFire   . .          .
                       - Unarmed
rCold   . . .        (no shield)
rNeg    . . .        (helmet currently unavailable)
rPois   .            q - amulet of the acrobat
rElec   .            m - +4 ring of slaying
rCorr   .            (no ring)
SInv    .            (no ring)
Will    .....        (no ring)
Stlth   ++           (no ring)
HPRegen 0.26/turn    (no ring)
MPRegen 0.10/turn    (no ring)
                     (no ring)

%: acrobat
@: beast-form
A: beast (slay +2), almost no armour, amphibious, 8 rings, camouflage 1,
gelatinous body 1, (nimble swimmer 1), tentacles
a: Begin Untransformation, Renounce Religion


You were on level 4 of the Dungeon.
You worshipped Okawaru.
Okawaru was noncommittal.
You were a hulking beast.
You visited 2 branches of the dungeon, and saw 5 of its levels.

You collected 170 gold pieces.

Inventory:

Missiles
 k - 6 poisoned darts
Jewellery
 l - a ring of fire
 m - a +4 ring of slaying (left tentacle)
 q - an amulet of the acrobat (around mantle)
Talismans
 b - a beast talisman (active)
 c - a flux talisman
 s - a dragon-blood talisman
Scrolls
 e - a scroll of fear {unknown}
 i - a scroll of poison
 n - a scroll of identify
 o - a scroll of revelation
 p - a scroll of immolation {unknown}
 r - 3 scrolls of blinking {unknown}
Potions
 a - 2 potions of lignification
 d - 4 potions of brilliance
 f - a potion of curing {unknown}
 g - a potion of invisibility {unknown}
 h - 2 potions of degeneration {unknown}
 j - a potion of attraction {unknown}


   Skills:
 + Level 2.9 Fighting
 - Level 2.0 Dodging
 - Level 0.4 Stealth
 + Level 5.0 Unarmed Combat
 - Level 1.4 Translocations
 + Level 0.3 Invocations
 * Level 4.7 Shapeshifting


You had one spell level left.
You knew the following spells:

 Your Spells              Type           Power      Damage    Failure   Level
a - Manifold Assault      Tloc           3%         N/A       86%         4

Your spell library contained the following spells:

 Spells                   Type           Power      Damage    Failure   Level
 Apportation              Tloc           6%         N/A       17%         1
 Necrotise                Necr           0%         1d4       30%         1
 Slow                     Hex            0%         N/A       30%         1
 Confusing Touch          Hex            0%         N/A       67%         3
 Sigil of Binding         Hex            0%         N/A       67%         3
 Vampiric Draining        Necr           0%         2d6       67%         3
 Dispersal                Tloc           1%         N/A       100%        6
 Disjunction              Tloc           1%         N/A       100%        8
 Summon Small Mammal      Summ           Unusable   N/A       N/A         1

Dungeon Overview and Level Annotations

Branches:
Dungeon (4/15)             Temple (1/1) D:4

Altars:
Ashenzari
Cheibriados
Elyvilon
Fedhas
Gozag
Hepliaklqana
Kikubaaqudgha
Nemelex Xobeh
Okawaru
Qazlal
Ru
Sif Muna
Trog
Uskayaw
Vehumet
Wu Jian
Zin
The Shining One

Shops:
D:2 (


Innate Abilities, Weirdness & Mutations

You are a hulking beast.
Your limbs bulge with bestial killing power. (Slay +2)
You cannot wear most types of armour.
You are amphibious.
You can wear up to eight rings at the same time.
Your skin changes colour to match your surroundings (Stealth+).
Your rubbery body absorbs attacks. (AC +1, EV +1)
((You are camouflaged when in or above water. (Stealth+)))
You have tentacles for arms and can constrict up to eight enemies at once.


Message History

No target in view!
No target in view!
No target in view!
No target in view!
An endoplasm comes into view.
An endoplasm is nearby!
An endoplasm is nearby!
An endoplasm is nearby!
The endoplasm quivers.
The endoplasm completely misses you.
You tentacle-slap the endoplasm.
The endoplasm is almost dead.
The endoplasm misses you.
You bludgeon the endoplasm!
You kill the endoplasm!
Okawaru accepts your kill.
No target in view!
No target in view!
No target in view!
No target in view!
No target in view!
No target in view!
No target in view!
No target in view!
An ogre comes into view. It is wielding a +0 giant spiked club.
The ogre shouts!
An ogre is nearby!
An ogre is nearby!
An ogre is nearby!
The ogre completely misses you.
You bludgeon the ogre!
The ogre is moderately wounded.
The ogre hits you with a +0 giant spiked club!
You bludgeon the ogre!
The ogre is heavily wounded.
You barely miss the ogre.
The ogre is heavily wounded.
The ogre hits you with a +0 giant spiked club!!!
Ouch! That really hurt!
You die...

.#### #..# ##
##.## #..#######
##........##
#..........##
####
##...........##
...###
#.............##
.....#
#..............#
######
###......hO...#
##.......####
#########


You could see an ogre.

Vanquished Creatures
  An ogre (D:4)
  An orc priest (D:3)
  A hound (D:4)
  A jelly (D:4)
  An iguana (D:3)
  2 orc wizards (D:4)
  2 gnolls (D:2)
  5 adders
  2 worms (D:4)
  7 orcs
  4 bats
  8 endoplasms
  3 giant cockroaches
  4 goblins
  5 hobgoblins
  7 kobolds
  7 quokkas
  4 ball pythons
  9 frilled lizards
  7 rats
  A spectral goblin (D:2)
82 creatures vanquished.

Notes
Turn   | Place    | Note
-------+----------+-------------------------------------------
     0 | D:1      | Getoffmy the Octopode Shapeshifter began the quest for the
                  | Orb.
     0 | D:1      | Reached XP level 1. HP: 13/13 MP: 1/1
   430 | D:1      | Reached XP level 2. HP: 18/18 MP: 2/2
   853 | D:1      | Reached XP level 3. HP: 10/23 MP: 3/3
  1051 | D:2      | Found a hide-covered altar of Uskayaw.
  1072 | D:2      | Reached XP level 4. HP: 16/29 MP: 4/4
  1348 | D:2      | Found a shimmering blue altar of Sif Muna.
  1349 | D:2      | Found Ekitsecvi's Antique Weapon Shoppe.
  1595 | D:2      | Found a faded altar of an unknown god.
  1695 | D:2      | Reached skill level 4 in Unarmed Combat
  2145 | D:3      | Reached XP level 5. HP: 32/34 MP: 5/5
  2325 | D:3      | Learned a level 4 spell: Manifold Assault
  2662 | D:3      | You fall into a shaft and drop 1 floor!
  3044 | D:4      | Noticed an ogre
  3475 | D:4      | Killed an ogre
  3476 | D:4      | Reached skill level 1 in Translocations
  3476 | D:4      | Reached XP level 6. HP: 36/41 MP: 6/6
  3501 | D:4      | Found a staircase to the Ecumenical Temple.
  3554 | Temple   | Entered the Ecumenical Temple
  3780 | Temple   | Became a worshipper of Warmaster Okawaru
  4146 | D:4      | Reached skill level 5 in Unarmed Combat
  4239 | D:4      | Mangled by an ogre

Illustrated notes

Levels and vault maps discovered:
D:1:      dpeg_arrival_tiny_j, layout_loops_ring, minmay_lizard_pond
D:2:      wad_woods_stonehenge, layout_loops_ring,
          dreamdust_ecumenical_altar_drowned_temple, serial_shops,
          nicolae_shop_statue_plus, basic_altar, minmay_misc_feat_rows
D:3:      layout_basic, grunt_ministairs_6
D:4:      minmay_wonky_spiral, layout_cave_pods, minmay_temple_entry_mini_moons
Temple:   minmay_temple_bridge_d

Skill      XL: |  1  2  3  4  5  6 |
---------------+-------------------+-----
Fighting       | 2 |  2.9
Unarmed Combat | 4 5 |  5.0
Shapeshifting  | 4 |  4.7
Translocations | 1 |  1.4
Dodging        | |  2.0
Stealth        | |  0.4
Invocations    | |  0.3

Action                     |  1- 3 |  4- 6 || total
---------------------------+-------+-------++-------
  Melee: Unarmed           |    63 |    90 ||   153
         Constrict         |    17 |    20 ||    37
         Tentacles         |     9 |    14 ||    23
         Punch             |     3 |     4 ||     7
Ability: Begin Untransform |     1 |       ||     1
    Use: Scroll            |       |     3 ||     3
   Stab: Sleeping          |     5 |     7 ||    12
 Armour: Skin              |    18 |    32 ||    50
  Dodge: Dodged            |    26 |    36 ||    62
   Form: Beast             |     1 |       ||     1

Table legend: (Time is in decaauts)
 A = Elapsed time spent in this place.
 B = Non-inter-level travel time spent in this place.
 C = Inter-level travel time spent in this place.
 D = Time resting spent in this place.
 E = Time spent auto-exploring this place.
 F = Levels seen in this place.
 G = Mean time per level.
                   A        B        C        D        E       F      G
               +--------+--------+--------+--------+--------+-----+--------+
         Total |   4226 |   3904 |    322 |   1008 |   2300 |   5 |  845.2 |
       Dungeon |   3928 |   3744 |    184 |    855 |   2300 |   4 |  982.0 |
        Temple |    297 |    159 |    138 |    153 |      0 |   1 |  297.0 |
               +--------+--------+--------+--------+--------+-----+--------+

Top non-repeatable levels by time:
     D:3: 1278 daAuts
     D:1: 1025 daAuts
     D:2: 901 daAuts
     D:4: 723 daAuts
  Temple: 297 daAuts
